 Dungeon Crawl Stone Soup version 0.29-a0-542-g075992c915 (webtiles) character file.

Game seed: 12444707946241336730

115 gruber the Chiller (level 4, -8/30 HPs)
             Began as a Demonspawn Ice Elementalist on June 3, 2022.
             Shot with an arrow by a centaur (9 damage)
             ... on level 3 of the Dungeon.
             The game lasted 00:02:13 (2863 turns).

gruber the Chiller (Demonspawn Ice Elementalist)    Turns: 2863, Time: 00:02:14

Health: -8/30      AC:  4    Str:  8    XL:     4   Next: 68%
Magic:  7/7        EV: 12    Int: 18    God:
Gold:   51         SH:  0    Dex: 14    Spells: 3/7 levels left

rFire   . . .      SeeInvis .   (no weapon)
rCold   . . .      Faith    .   (no shield)
rNeg    . . .      Spirit   .   a - +0 robe
rPois   .          Reflect  .   (no helmet)
rElec   .          Harm     .   (no cloak)
rCorr   .          Rampage  .   (no gloves)
Will    .....                   (no boots)
Stlth   ++........              (no amulet)
HPRegen 0.10/turn               (no ring)
MPRegen 0.10/turn               (no ring)

@: no status effects
A: claws 1, molten scales 1
a: no special abilities


You were on level 3 of the Dungeon.
You visited 1 branch of the dungeon, and saw 3 of its levels.

You collected 51 gold pieces.

Inventory:

Armour
 a - a +0 robe (worn)
Wands
 n - a wand of polymorph (5)
Scrolls
 c - a scroll of immolation {unknown}
 d - a scroll of fog {unknown}
 f - 2 scrolls of teleportation {unknown}
 i - a scroll of blinking {unknown}
 j - a scroll of poison {unknown}
 k - a scroll of vulnerability {unknown}
 l - a scroll of identify {unknown}
 m - a scroll of noise {unknown}
Potions
 b - a potion of magic
 e - 2 potions of haste {unknown}
 g - a potion of curing {unknown}
 h - a potion of berserk rage {unknown}


   Skills:
 - Level 1.7 Dodging
 - Level 1.7 Stealth
 - Level 2.0 Spellcasting
 * Level 5.6 Ice Magic


You had 3 spell levels left.
You knew the following spells:

 Your Spells              Type           Power      Damage    Failure   Level
a - Freeze                Ice            84%        1d10      1%          1
b - Frozen Ramparts       Ice            42%        1d6       5%          3

Your spell library contained the following spells:

 Spells                   Type           Power      Damage    Failure   Level
 Ozocubu's Armour         Ice            21%        N/A       5%          3
 Blink                    Tloc           2%         N/A       26%         2
 Ignite Poison            Fire/Tmut/Pois 1%         N/A       47%         3
 Lesser Beckoning         Tloc           1%         N/A       47%         3
 Mephitic Cloud           Conj/Pois/Air  1%         N/A       47%         3
 Hailstorm                Conj/Ice       11%        3d5       50%         4
 Cause Fear               Hex            0%         N/A       87%         4
 Freezing Cloud           Conj/Ice/Air   4%         6-21      93%         5
 Manifold Assault         Tloc           1%         N/A       99%         5
 Dragon Form              Tmut           0%         N/A       100%        7
 Dragon's Call            Summ           0%         N/A       100%        9


Dungeon Overview and Level Annotations

Branches:
Dungeon (3/15)

Altars:

Shops:
D:1 *


Innate Abilities, Weirdness & Mutations

You have sharp fingernails.
You are partially covered in molten scales. (AC +2)


Message History

(D) Dungeon
Where to? (Enter - D:2 @ (x,y), ? - help)
There is a stone staircase leading down here.
You climb downwards.
The kobold shouts!
Found a scroll labelled NIEDOUNULU.
There is a stone staircase leading up here.
A kobold is nearby!
A kobold is nearby!
A kobold is nearby!
A kobold is nearby!
The kobold throws a stone.
The stone misses you.
You can't see any susceptible monsters within range! (Use Z to cast anyway.)
The kobold hits you with a +0 short sword.
You freeze the kobold!
You kill the kobold!
You can't see any susceptible monsters within range! (Use Z to cast anyway.)
You can't see any susceptible monsters within range! (Use Z to cast anyway.)
You can't see any susceptible monsters within range! (Use Z to cast anyway.) Magic restored.
HP restored.
Things that are here:
a +0 short sword; 3 stones
There is a stone staircase leading up here.
A centaur comes into view.
A centaur is nearby!
A centaur is nearby!
A centaur is nearby!
Found a dagger.
The centaur wields a +0 shortbow.
The centaur shoots an arrow.
The arrow hits you!
The centaur shoots an arrow.
The arrow hits you!
The centaur shoots an arrow.
The arrow hits you!
* * * LOW HITPOINT WARNING * * *
You see here a scroll labelled NIEDOUNULU.
You are too injured to fight recklessly!
Unknown command.
Unknown command.
The centaur shoots an arrow.
The arrow hits you!
You die...

#.#####<#..≈≈≈.
#.........≈≈≈≈≈
######...≈.≈≈≈≈
##...≈≈≈≈≈≈≈ #
##...≈≈≈≈≈≈≈≈
#.###....P≈≈≈≈≈≈≈
#...+..≈.≈≈≈P≈≈≈≈
##?...≈≈≈≈≈.≈≈P
#@..≈≈≈≈≈P≈P...
#..≈P≈≈≈≈.≈..#
#cP≈≈≈≈≈≈≈...
#.##≈≈≈#.....
..#≈≈≈##.).. ...#
≈≈# .. .### ≈##


You could see a centaur.

Vanquished Creatures
  Natasha (thrice) (D:2)
  2 ball pythons (D:2)
  3 bats (D:2)
  5 endoplasms
  A giant cockroach (D:1)
  3 goblins
  7 hobgoblins
  7 kobolds
  2 quokkas (D:2)
  A frilled lizard (D:2)
  2 rats
36 creatures vanquished.

Notes
Turn   | Place    | Note
-------+----------+-------------------------------------------
     0 | D:1      | gruber the Demonspawn Ice Elementalist began the quest for
                  | the Orb.
     0 | D:1      | Reached XP level 1. HP: 13/13 MP: 3/3
   266 | D:1      | Reached skill level 4 in Ice Magic
   400 | D:1      | Gained mutation: You have sharp fingernails. [demonic
                  | ancestry]
   400 | D:1      | Reached XP level 2. HP: 17/19 MP: 0/5
   736 | D:1      | Found Opnott's Assorted Antiques.
   831 | D:1      | Found a faded altar of an unknown god.
  1902 | D:2      | Gained mutation: You are partially covered in molten
                  | scales. (AC +2) [demonic ancestry]
  1902 | D:2      | Reached XP level 3. HP: 19/24 MP: 3/6
  2001 | D:2      | Noticed Natasha
  2008 | D:2      | Killed Natasha
  2009 | D:2      | Reached skill level 5 in Ice Magic
  2226 | D:2      | Learned a level 3 spell: Frozen Ramparts
  2606 | D:2      | Noticed Natasha
  2612 | D:2      | Killed Natasha
  2613 | D:2      | Reached XP level 4. HP: 30/30 MP: 2/7
  2761 | D:2      | Noticed Natasha
  2767 | D:2      | Killed Natasha
  2859 | D:3      | Noticed a centaur
  2862 | D:3      | HP: 1/30 [centaur/arrow (10)]
  2863 | D:3      | Shot with an arrow by a centaur

Illustrated notes

Levels and vault maps discovered:
D:1:      dpeg_arrival_morbid_curiosity, layout_basic, serial_shops, shop,
          hellmonk_ecumenical_altar_inner_sanctum
D:2:      layout_basic, dreamdust_princess_corridor, minmay_pentomino_o4,
          uniq_natasha
D:3:      layout_loops_corners, minmay_misc_feat_four_crosses,
          chequers_big_river

Skill      XL: |  1  2  3 |
---------------+----------+-----
Ice Magic      | 4 5 |  5.6
Dodging        | |  1.7
Stealth        | |  1.7
Spellcasting   | |  2.0

Action                   |  1- 3 |  4- 6 || total
-------------------------+-------+-------++-------
Melee: Unarmed           |    26 |       ||    26
 Cast: Freeze            |    48 |     5 ||    53
       Frozen Ramparts   |       |     1 ||     1
 Stab: Sleeping          |     1 |       ||     1
Armor: Robe              |    13 |       ||    13
Dodge: Dodged            |    43 |     3 ||    46

Table legend: (Time is in decaauts)
 A = Elapsed time spent in this place.
 B = Non-inter-level travel time spent in this place.
 C = Inter-level travel time spent in this place.
 D = Time resting spent in this place.
 E = Time spent auto-exploring this place.
 F = Levels seen in this place.
 G = Mean time per level.
                   A        B        C        D        E       F      G
               +--------+--------+--------+--------+--------+-----+--------+
         Total |   2870 |   2819 |     51 |      0 |   2571 |   3 |  956.7 |
       Dungeon |   2870 |   2819 |     51 |      0 |   2571 |   3 |  956.7 |
               +--------+--------+--------+--------+--------+-----+--------+

Top non-repeatable levels by time:
     D:1: 1580 daAuts
     D:2: 1260 daAuts
     D:3: 29 daAuts
